MLB
WASHINGTON NATIONALS @ SAN DIEGO PADRES
09/06/2098
 
TOP OF THE 1ST
Washington Nationals batting - Pitching for San Diego Padres : RHP Jose Benitez
Pitching: RHP Jose Benitez
Batting: RHB Luis Rivera 0-0: Foul Ball, location: 2F
0-1: Swinging Strike
0-2: Foul Ball, location: 23FF
0-2: Strikes out swinging
Batting: SHB Kyle Spencer 0-0: Ball
1-0: Swinging Strike
1-1: Ball
2-1: Ball
3-1: Base on Balls
Batting: LHB Bubba Main 0-0: Ball
1-0: DOUBLE (Line Drive, 89M, EV 110.0 MPH)
Kyle Spencer to third
Batting: RHB Jon Young 0-0: Fly out, F8 (Flyball, 8RM, EV 92.5 MPH)
Throwing error, E8
Kyle Spencer scores
Bubba Main to third
Batting: LHB Jose Lara 0-0: Called Strike
0-1: Foul Ball, location: 2F
0-2: Strikes out swinging
Top of the 1st over - 1 run, 1 hit, 1 error, 1 left on base; Washington 1 - San Diego 0
BOTTOM OF THE 1ST
San Diego Padres batting - Pitching for Washington Nationals : RHP William Palmer
Pitching: RHP William Palmer
Batting: LHB Eric Schoonover 0-0: Ball
1-0: Ball
2-0: Called Strike
2-1: Ground out 4-3 (Groundball, 4, EV 86.9 MPH)
Batting: RHB Maxwell Judson 0-0: Ball
1-0: Ball
2-0: Foul Ball, location: 23F
2-1: SINGLE (Groundball, 5D, EV 109.4 MPH)
Batting: RHB Jose Barillas 0-0: Ball
1-0: Called Strike
1-1: Ball
2-1: Foul Ball, location: 3FF
2-2: Fly out, F9 (Flyball, 89S, EV 82.5 MPH)
Batting: LHB Joel Sherlock Pickoff Throw to First - Out! 1-3
Bottom of the 1st over - 0 runs, 1 hit, 0 errors, 0 left on base; Washington 1 - San Diego 0
TOP OF THE 2ND
Washington Nationals batting - Pitching for San Diego Padres : RHP Jose Benitez
Batting: RHB Mario Garcia 0-0: Called Strike
0-1: SINGLE (Groundball, 3D, EV 95.6 MPH)
Batting: RHB Isaiah Williams 0-0: Ball
1-0: Foul Ball, location: 2F
1-1: Ball
2-1: Foul Ball, location: 25FF
2-2: Grounds into double play, 6-4-3 (Groundball, 6, EV 86.9 MPH)
Batting: RHB Jose Orozco 0-0: Foul Ball, location: 3F
0-1: Ball
1-1: Ball
2-1: Ball
3-1: Base on Balls
Batting: LHB Sean Weaver 0-0: Called Strike
0-1: Ball
1-1: Called Strike
1-2: Foul Ball, location: 3FF
1-2: Strikes out looking
Top of the 2nd over - 0 runs, 1 hit, 0 errors, 1 left on base; Washington 1 - San Diego 0
BOTTOM OF THE 2ND
San Diego Padres batting - Pitching for Washington Nationals : RHP William Palmer
Batting: LHB Joel Sherlock 0-0: Ball
1-0: Called Strike
1-1: Ball
2-1: Ball
3-1: Foul Ball, location: 2F
3-2: Ground out 2-3 (Groundball, 15S, EV 65.6 MPH)
Batting: RHB Tony Woody 0-0: Called Strike
0-1: Swinging Strike
0-2: Ball
1-2: Foul Ball, location: 2LF
1-2: Ball
2-2: Strikes out swinging, 2-3 out at first.
Batting: RHB Chris Santos 0-0: Foul Ball, location: 9LSF
0-1: Ball
1-1: Ball
2-1: Called Strike
2-2: Ball
3-2: Fly out, F8 (Flyball, 8LXD, EV 96.9 MPH)
Bottom of the 2nd over - 0 runs, 0 hits, 0 errors, 0 left on base; Washington 1 - San Diego 0
TOP OF THE 3RD
Washington Nationals batting - Pitching for San Diego Padres : RHP Jose Benitez
Pitching: RHP Ben Memon
Batting: RHB Luis Rivera 0-0: Called Strike
0-1: Called Strike
0-2: Strikes out swinging
Batting: SHB Kyle Spencer 0-0: Ball
1-0: Ball
2-0: Ball
3-0: Base on Balls
Batting: LHB Bubba Main 0-0: Called Strike
0-1: Foul Ball, location: 2F
0-2: Ball
1-2: Ball
2-2: Strikes out swinging
Batting: RHB Jon Young 0-0: Foul Ball, location: 2F
0-1: Ball
1-1: Foul Ball, location: 2F
1-2: Strikes out looking
Top of the 3rd over - 0 runs, 0 hits, 0 errors, 1 left on base; Washington 1 - San Diego 0
BOTTOM OF THE 3RD
San Diego Padres batting - Pitching for Washington Nationals : RHP William Palmer
Batting: LHB Jamie Wortman 0-0: Ball
1-0: Called Strike
1-1: Foul Ball, location: 2F
1-2: Strikes out swinging
Batting: LHB R.J. Correll 0-0: Ball
1-0: Ball
2-0: Ball
3-0: Called Strike
3-1: Called Strike
3-2: Strikes out swinging
Batting: RHB Alfredo Beltran 0-0: Ball
1-0: Swinging Strike
1-1: Foul Ball, location: 5SF
1-2: SINGLE (Line Drive, 7S, EV 96.3 MPH)
Batting: LHB Eric Schoonover 0-0: Called Strike
0-1: Ball
1-1: Swinging Strike
1-2: Ball
2-2: Ball
3-2: SINGLE (Groundball, 4MS, EV 70.6 MPH) (infield hit)
Alfredo Beltran to second
Batting: RHB Maxwell Judson 0-0: Called Strike
0-1: 3-RUN HOME RUN (Line Drive, 9D, EV 102.5 MPH), Distance : 387 ft
Batting: RHB Jose Barillas 0-0: Foul Ball, location: 2F
0-1: Ground out 3-1 (Groundball, 34, EV 85.6 MPH)
Bottom of the 3rd over - 3 runs, 3 hits, 0 errors, 0 left on base; Washington 1 - San Diego 3
TOP OF THE 4TH
Washington Nationals batting - Pitching for San Diego Padres : RHP Ben Memon
Batting: LHB Jose Lara 0-0: Ball
1-0: Ball
2-0: SINGLE (Line Drive, 8LS, EV 98.1 MPH)
Batting: RHB Mario Garcia 0-0: Ball
1-0: Ball
2-0: Ball
3-0: Called Strike
3-1: Called Strike
3-2: SINGLE (Line Drive, 8LS, EV 101.3 MPH)
Jose Lara to second
Batting: RHB Isaiah Williams 0-0: Called Strike
0-1: Swinging Strike
0-2: Ball
1-2: Fly out, F7 (Flyball, 7, EV 86.3 MPH)
Batting: RHB Jose Orozco 0-0: Swinging Strike
0-1: 3-RUN HOME RUN (Line Drive, 7D, EV 105.0 MPH), Distance : 389 ft
Pitching: RHP Chris Penn
Batting: LHB Sean Weaver 0-0: Called Strike
0-1: Ball
1-1: Swinging Strike
1-2: Strikes out swinging
Batting: RHB Luis Rivera 0-0: SOLO HOME RUN (Flyball, 89XD, EV 109.4 MPH), Distance : 413 ft
Batting: SHB Kyle Spencer 0-0: Called Strike
0-1: Ball
1-1: Ball
2-1: Ball
3-1: Called Strike
3-2: Base on Balls
Batting: LHB Bubba Main 0-0: Called Strike
0-1: Ball
1-1: Ground out U3 (Groundball, 3, EV 86.9 MPH)
Top of the 4th over - 4 runs, 4 hits, 0 errors, 1 left on base; Washington 5 - San Diego 3
BOTTOM OF THE 4TH
San Diego Padres batting - Pitching for Washington Nationals : RHP William Palmer
Batting: LHB Joel Sherlock 0-0: Ground out 5-3 (Groundball, 56, EV 91.3 MPH)
Batting: RHB Tony Woody 0-0: Called Strike
0-1: Ball
1-1: Ball
2-1: Fly out, F8 (Flyball, 8RD, EV 104.4 MPH)
Batting: RHB Chris Santos 0-0: Called Strike
0-1: Called Strike
0-2: Ball
1-2: Ball
2-2: Ball
3-2: Foul Ball, location: 2F
3-2: Foul Ball, location: 5SF
3-2: Foul Ball, location: 3DF
3-2: Foul Ball, location: 3SF
3-2: Strikes out swinging
Bottom of the 4th over - 0 runs, 0 hits, 0 errors, 0 left on base; Washington 5 - San Diego 3
TOP OF THE 5TH
Washington Nationals batting - Pitching for San Diego Padres : RHP Chris Penn
Batting: RHB Jon Young 0-0: Ball
1-0: Ball
2-0: Called Strike
2-1: Called Strike
2-2: Ball
3-2: Base on Balls
Batting: LHB Jose Lara 0-0: Called Strike
0-1: Ball
1-1: Ball
2-1: Foul Ball, location: 2F
2-2: Fly out, F2 (Popup, 2RF, EV 98.8 MPH)
Batting: RHB Mario Garcia 0-0: Called Strike
Jon Young steals 2nd base
0-1: Foul Ball, location: 5F
0-2: Ball
1-2: Strikes out looking
Batting: RHB Isaiah Williams 0-0: Fly out, F8 (Line Drive, 8LM, EV 85.0 MPH)
Top of the 5th over - 0 runs, 0 hits, 0 errors, 1 left on base; Washington 5 - San Diego 3
BOTTOM OF THE 5TH
San Diego Padres batting - Pitching for Washington Nationals : RHP William Palmer
Batting: LHB Jamie Wortman 0-0: Fly out, F8 (Flyball, 8LS, EV 81.9 MPH)
Batting: LHB R.J. Correll 0-0: Ball
1-0: Fly out, F9 (Flyball, 89M, EV 93.8 MPH)
Batting: RHB Alfredo Beltran 0-0: Called Strike
0-1: Called Strike
0-2: Fly out, F8 (Flyball, 78M, EV 94.4 MPH)
Bottom of the 5th over - 0 runs, 0 hits, 0 errors, 0 left on base; Washington 5 - San Diego 3
TOP OF THE 6TH
Washington Nationals batting - Pitching for San Diego Padres : RHP Chris Penn
Batting: RHB Jose Orozco 0-0: Foul Ball, location: 7LMF
0-1: Called Strike
0-2: Strikes out swinging
Pitching: RHP George Hulings
Batting: LHB Sean Weaver 0-0: Fly out, F4 (Popup, 34D, EV 50.6 MPH)
Batting: RHB Luis Rivera 0-0: Called Strike
0-1: Fly out, F8 (Line Drive, 78M, EV 105.0 MPH)
Top of the 6th over - 0 runs, 0 hits, 0 errors, 0 left on base; Washington 5 - San Diego 3
BOTTOM OF THE 6TH
San Diego Padres batting - Pitching for Washington Nationals : RHP William Palmer
Batting: LHB Eric Schoonover 0-0: Swinging Strike
0-1: DOUBLE (Line Drive, 78D, EV 96.9 MPH)
Batting: RHB Maxwell Judson 0-0: Ball
1-0: Foul Ball, location: 9LMF
1-1: Ball
2-1: Foul Ball, location: 2F
2-2: Ball
3-2: Base on Balls
Batting: RHB Jose Barillas 0-0: Swinging Strike
0-1: Ball
1-1: DOUBLE (Flyball, 8LXD, EV 109.4 MPH)
Eric Schoonover scores
Maxwell Judson to third
Batting: LHB Joel Sherlock 0-0: Ball
1-0: Ball
2-0: Ball
3-0: Base on Balls
Batting: RHB Tony Woody 0-0: DOUBLE (Line Drive, 5D, EV 96.9 MPH)
Maxwell Judson scores
Jose Barillas scores
Joel Sherlock to third
Pitching: RHP Todd Gallman
Batting: RHB Chris Santos 0-0: Ball
1-0: Ball
2-0: Foul Ball, location: 5F
2-1: Ball
3-1: Called Strike
3-2: Foul Ball, location: 9LSF
3-2: Fly out, F7 (Flyball, 7D, EV 109.4 MPH)
Runner from 3rd tags up, SCORES, throw by LF
Batting: LHB Jamie Wortman 0-0: Ball
1-0: Fly out, F7 (Line Drive, 78D, EV 88.8 MPH)
Batting: LHB R.J. Correll 0-0: Called Strike
0-1: Ball
1-1: SINGLE (Line Drive, 78S, EV 88.1 MPH)
Tony Woody to third
Runner from 3rd tries for Home, SAFE, throw by LF to home
Batting: RHB Alfredo Beltran 0-0: Ball
1-0: Ball
2-0: Swinging Strike
2-1: Called Strike
R.J. Correll steals 2nd base
2-2: Foul Ball, location: 2F
2-2: Ground out 1-3 (Groundball, 15S, EV 69.4 MPH)
Bottom of the 6th over - 5 runs, 4 hits, 0 errors, 1 left on base; Washington 5 - San Diego 8
TOP OF THE 7TH
Washington Nationals batting - Pitching for San Diego Padres : RHP George Hulings
Pitching: LHP Seth Oltmans
Batting: SHB Kyle Spencer 0-0: Called Strike
0-1: Swinging Strike
0-2: Strikes out swinging
Batting: LHB Bubba Main 0-0: Ball
1-0: Foul Ball, location: 2F
1-1: Swinging Strike
1-2: Strikes out looking
Batting: RHB Jon Young 0-0: Swinging Strike
0-1: Ball
1-1: Ball
2-1: Foul Ball, location: 2F
2-2: Strikes out swinging
Top of the 7th over - 0 runs, 0 hits, 0 errors, 0 left on base; Washington 5 - San Diego 8
BOTTOM OF THE 7TH
San Diego Padres batting - Pitching for Washington Nationals : RHP Todd Gallman
Batting: LHB Eric Schoonover 0-0: Called Strike
0-1: Called Strike
0-2: Ball
1-2: Foul Ball, location: 3F
1-2: Foul Ball, location: 2F
1-2: Strikes out swinging
Batting: RHB Maxwell Judson 0-0: Ball
1-0: Ball
2-0: Foul Ball, location: 23FF
2-1: SOLO HOME RUN (Flyball, 7D, EV 98.1 MPH), Distance : 379 ft
Batting: RHB Jose Barillas 0-0: Fly out, F7 (Flyball, 7, EV 86.3 MPH)
Batting: LHB Joel Sherlock 0-0: Fly out, F8 (Flyball, 8RD, EV 95.6 MPH)
Bottom of the 7th over - 1 run, 1 hit, 0 errors, 0 left on base; Washington 5 - San Diego 9
TOP OF THE 8TH
Washington Nationals batting - Pitching for San Diego Padres : LHP Seth Oltmans
Batting: LHB Jose Lara 0-0: Ball
1-0: Ground out 4-3 (Groundball, 4, EV 105.0 MPH)
Batting: RHB Mario Garcia 0-0: Ball
1-0: Swinging Strike
1-1: Called Strike
1-2: Foul Ball, location: 9LSFF
1-2: Foul Ball, location: 2F
1-2: Ball
2-2: Strikes out swinging
Batting: RHB Isaiah Williams 0-0: Ball
1-0: Ball
2-0: Ball
3-0: Called Strike
3-1: Base on Balls
Batting: RHB Jose Orozco 0-0: Called Strike
0-1: Ball
1-1: Swinging Strike
1-2: Strikes out swinging
Top of the 8th over - 0 runs, 0 hits, 0 errors, 1 left on base; Washington 5 - San Diego 9
BOTTOM OF THE 8TH
San Diego Padres batting - Pitching for Washington Nationals : RHP Todd Gallman
Pitching: LHP Joe Pullen
Batting: RHB Tony Woody 0-0: Swinging Strike
0-1: Ball
1-1: Ball
2-1: Ground out 5-3 (Groundball, 56, EV 110.0 MPH)
Batting: RHB Chris Santos 0-0: Ball
1-0: Foul Ball, location: 7LSFF
1-1: Ball
2-1: SINGLE (Groundball, 4MD, EV 103.1 MPH)
Batting: LHB Jamie Wortman 0-0: Ball
1-0: Fielders Choice at 2nd, 4-6 (Groundball, 4, EV 107.5 MPH)
Batting: LHB R.J. Correll 0-0: Called Strike
0-1: Fly out, F8 (Flyball, 78M, EV 93.1 MPH)
Bottom of the 8th over - 0 runs, 1 hit, 0 errors, 1 left on base; Washington 5 - San Diego 9
TOP OF THE 9TH
Washington Nationals batting - Pitching for San Diego Padres : LHP Seth Oltmans
Pitching: LHP Lorenzo Cabrera
Batting: LHB Sean Weaver 0-0: Called Strike
0-1: Fly out, F9 (Flyball, 9LS, EV 89.4 MPH)
Batting: RHB Luis Rivera 0-0: Fly out, F7 (Flyball, 78M, EV 92.5 MPH)
Batting: SHB Kyle Spencer 0-0: Called Strike
0-1: SINGLE (Line Drive, 9LS, EV 87.5 MPH)
Batting: LHB Bubba Main 0-0: Ball
1-0: Called Strike
1-1: Ball
2-1: Fly out, F8 (Line Drive, 8RM, EV 93.8 MPH)
Top of the 9th over - 0 runs, 1 hit, 0 errors, 1 left on base; Washington 5 - San Diego 9
Sunday, April 14th , 2024 - OOTP Baseball 24.11 Build 85